Map: Lightshade LE

Players

JonSnow

  • Race: Zerg Zerg
  • League: Grandmaster
  • Spawn Location: 11:00

Scarlett - Winner!

  • Race: Zerg Zerg
  • League: Master
  • Spawn Location: 5:00

Event: DreamHack SC2 Masters 2020 Winter

VOD

Have the link to the VOD?

Description

Time

  • Played on: Nov. 1, 2020, 2:35 p.m.
  • Length: 10:00

All games in this series

Show
View Real Time Build Order
Export as new Build Order

JonSnow Zerg 

Build Orders: Hatch First, Zergling Baneling 

Get SALT Encoding   

  12  0:01  Drone  
  13  0:12  Overlord  
  13  0:17  Drone  
  14  0:30  Drone  
  14  0:31  Drone  
  16  0:48  Hatchery  
  15  0:52  Drone  
  15  0:56  Drone  
  17  0:59  Drone  
  18  1:06  Extractor  
  17  1:15  Spawning Pool  
  17  1:18  Drone  
  17  1:22  Drone  
  18  1:28  Drone  
  19  1:39  Drone  
  20  1:51  Overlord  
  20  2:01  Queen  
  20  2:02  Queen  
  20  2:03  Drone x2  
  20  2:08  Metabolic Boost  
  26  2:10  Drone  
  26  2:14  Drone  
  28  2:23  Zergling x2  
  28  2:24  Drone  
  30  2:36  Hatchery  
  29  2:40  Drone x2  
  31  2:47  Queen  
  31  2:49  Drone  
  34  2:51  Drone  
  35  3:02  Baneling Nest, Overlord  
  35  3:05  Zergling x4  
  36  3:11  Overlord  
  36  3:21  Zergling x6  
  36  3:24  Zergling x2  
  36  3:25  Zergling x6  
  43  3:39  Drone x2  
  43  3:40  Drone, Evolution Chamber  
  45  3:45  Overlord  
  45  3:47  Baneling x2  
  45  3:55  Drone x3  
  46  3:56  Baneling x2  
  46  4:00  Drone x3  
  46  4:01  Drone  
  50  4:04  Queen  
  50  4:09  Overlord  
  52  4:10  Extractor  
  52  4:11  Zergling x2  
  52  4:12  Zergling x2  
  52  4:14  Baneling x3  
  51  4:18  Zergling x4  
  51  4:23  Baneling x2  
  52  4:28  Zergling x10  
  56  4:36  Drone x5  
  60  4:45  Overlord  
  60  4:48  Extractor  
  59  4:56  Drone x8  
  59  4:59  Zerg Missile Weapons Level 1  
  66  5:00  Drone  
  65  5:11  Roach Warren  
  65  5:14  Overlord  
  64  5:15  Overlord  
  64  5:16  Drone x4  
  68  5:21  Baneling  
  68  5:32  Drone  
  68  5:33  Drone x7  
  75  5:36  Lair  
  75  5:42  Drone x5  
  80  5:47  Drone x3, Extractor  
  80  5:48  Drone  
  80  5:49  Drone x2  
  85  5:51  Extractor  
  85  5:52  Extractor, Overlord  
  85  5:55  Drone  
  84  5:57  Evolution Chamber  
  79  6:08  Drone x4  
  83  6:13  Overlord  
  83  6:15  Overlord  
  81  6:21  Roach x6  
  88  6:35  Roach x2  
  88  6:36  Roach x3  
  88  6:37  Roach  
  93  6:45  Roach x2  
  92  6:50  Drone x3  
  92  6:55  Glial Reconstitution  
  92  7:01  Roach  
  94  7:08  Roach x3  
  94  7:11  Roach  
  94  7:14  Zerg Ground Armor Level 1  
  100  7:22  Overseer  
  100  7:23  Overseer  
  100  7:29  Drone x3  
  103  7:35  Overlord  
  103  7:36  Overseer, Overlord  
  103  7:40  Drone  
  103  7:43  Ravager  
  105  7:46  Ravager x3  
  105  7:50  Roach  
  105  7:51  Roach  
  112  7:55  Roach x3  
  112  7:57  Ravager x2  
  112  7:58  Hatchery, Ravager  
  120  8:04  Roach x4  
  128  8:16  Overlord  
  129  8:24  Overlord x2  
  129  8:25  Overlord  
  123  8:28  Overlord  
  123  8:30  Overlord  
  123  8:34  Overseer  
  123  8:37  Hatchery, Overlord  
  123  8:38  Roach x4  
  123  8:41  Overlord x2  
  130  8:43  Overlord  
  130  8:45  Roach x3  
  136  8:51  Roach x5  
  136  8:52  Ravager x2  
  136  8:53  Ravager  
  149  8:58  Drone x2  
  149  8:59  Roach x2  
  155  9:05  Roach x3  
  155  9:09  Roach x2  
  165  9:15  Roach  
  165  9:16  Roach x6  
  178  9:23  Roach x3  
  131  9:40  Roach x2  
Show
View Real Time Build Order
Export as new Build Order

Scarlett Zerg - Winner!

Build Orders: Hatch First 

Get SALT Encoding   

  12  0:00  Drone  
  13  0:13  Overlord  
  13  0:17  Drone  
  14  0:31  Drone x2  
  16  0:47  Hatchery  
  15  0:51  Drone  
  15  0:54  Drone  
  17  0:57  Drone  
  18  1:09  Extractor  
  17  1:12  Spawning Pool  
  17  1:15  Drone  
  17  1:19  Drone  
  18  1:29  Drone  
  19  1:40  Drone  
  20  1:51  Drone  
  21  1:59  Queen x2  
  21  2:00  Drone  
  21  2:01  Overlord  
  26  2:09  Metabolic Boost  
  26  2:11  Drone  
  26  2:12  Drone  
  28  2:21  Drone  
  28  2:22  Drone  
  30  2:34  Hatchery  
  30  2:35  Drone  
  30  2:39  Drone  
  30  2:42  Zergling x2  
  32  2:48  Baneling Nest, Overlord  
  31  2:54  Zergling x2  
  31  2:55  Drone  
  33  3:08  Overlord  
  33  3:09  Zergling x10  
  38  3:13  Overlord  
  38  3:19  Overlord  
  38  3:21  Zergling x2  
  38  3:23  Zergling x2  
  40  3:37  Baneling x3  
  40  3:38  Zergling x12  
  40  3:41  Zergling x2  
  47  3:55  Zergling x12  
  53  3:57  Baneling x2  
  53  4:02  Queen  
  52  4:23  Drone x10  
  56  4:25  Baneling x2  
  53  4:38  Overlord  
  53  4:39  Drone x3  
  53  4:43  Extractor  
  55  4:47  Evolution Chamber  
  55  4:49  Overlord  
  54  4:54  Drone  
  54  4:55  Drone x5  
  54  4:58  Extractor  
  59  5:01  Roach Warren  
  59  5:05  Lair  
  57  5:10  Drone x3  
  57  5:13  Drone x3  
  63  5:20  Zerg Missile Weapons Level 1  
  63  5:25  Drone x6  
  68  5:38  Baneling x2  
  68  5:41  Roach x6  
  80  5:43  Overlord  
  80  5:46  Overlord  
  80  5:47  Extractor x2  
  78  5:50  Overlord  
  78  5:51  Drone  
  78  5:54  Extractor  
  78  5:55  Baneling x2  
  78  5:56  Baneling  
  78  6:01  Drone  
  78  6:02  Drone x5  
  78  6:04  Glial Reconstitution  
  83  6:15  Drone  
  83  6:16  Drone x5  
  87  6:29  Roach x3  
  87  6:30  Roach x4  
  100  6:38  Overlord x2  
  100  6:39  Drone x2  
  100  6:46  Overlord  
  99  6:47  Drone x2  
  99  6:48  Roach x2  
  99  6:54  Drone x2  
  105  6:57  Evolution Chamber, Baneling x2  
  105  6:59  Pneumatized Carapace, Roach x4  
  106  7:02  Overseer  
  106  7:04  Overseer  
  102  7:09  Roach x5  
  112  7:15  Hatchery  
  112  7:21  Ravager x3  
  112  7:22  Ravager  
  114  7:31  Zerg Ground Armor Level 1  
  114  7:34  Roach x2  
  118  7:39  Zerg Missile Weapons Level 2  
  118  7:41  Roach x5  
  118  7:43  Overlord x4  
  128  7:47  Overlord  
  128  7:48  Overlord  
  128  7:55  Roach  
  130  8:04  Roach x8  
  146  8:17  Roach x9  
  164  8:30  Overlord x2  
  164  8:33  Roach x2  
  164  8:34  Roach x2  
  170  8:39  Overlord x2  
  170  8:42  Roach x6  
  182  8:48  Roach  
  182  8:55  Roach x6  
  196  8:56  Ravager  
  196  8:57  Ravager x3  
  198  9:19  Roach  
  186  9:31  Roach x8  
  186  9:37  Roach  
  186  9:38  Roach x8  
Tags
 
Add a new tag
Caveats
  • Supply blocks, unpowered buildings, or Contaminate may cause inaccurate times.
  • Supply counts are checked every 10 seconds.